[Event "DVM U12W 2021"]
[Site "Willingen"]
[Date "2022.08.15"]
[Round "5"]
[White "Mersmann, Jasmin"]
[Black "Schube, Theresa"]
[Result "0-1"]
[ECO "C47"]
[WhiteElo "1232"]
[BlackElo "1162"]
[Annotator "NA RC"]
[PlyCount "82"]
[EventDate "2022.08.12"]
[EventType "team-tourn"]
[EventRounds "7"]
[EventCountry "GER"]
[SourceTitle "playchess.com"]
[Source "ChessBase"]
[SourceQuality "1"]
[TimeControl "40/5400+30:1800+30"]

1. e4 e5 2. Nf3 Nc6 3. Nc3 Nf6 4. a3 d5 5. Bb5 d4 6. Ne2 Bd6 7. d3 h6 8. h3 Qe7 9. O-O Bd7 10. Bd2 g5 11. Ng3 g4 12. hxg4 Bxg4 13. Nf5 Bxf5 14. exf5 a6 15. Bxc6+ bxc6 16. Nxd4 Qd7 17. Re1 O-O-O 18. Nb3 Qxf5 19. Re3 Rdg8 20. Qf3 Qg6 21. Qg3 Ng4 22. Re4 f5 23. Re2 f4 24. Qh3 Kb8 25. Na5 Bc5 26. Nxc6+ Qxc6 27. Bc3 Nxf2 28. Rxf2 Bxf2+ 29. Kxf2 Rg3 30. Qh2 Rhg8 31. Rg1 Qc5+ 32. Ke1 Qe3+ 33. Kd1 f3 34. Bd2 Qe2+ 35. Kc1 f2 36. c3 f1=Q+ 37. Rxf1 Qxf1+ 38. Kc2 Qxd3+ 39. Kd1 Rxg2 40. Qxg2 Rxg2 41. Ke1 Qe2# 0-1

[Event "DVM U12W 2021"]
[Site "Willingen"]
[Date "2022.08.15"]
[Round "5"]
[White "Mehner, Clara"]
[Black "Gerlach, Lorena"]
[Result "0-1"]
[ECO "B06"]
[WhiteElo "1150"]
[BlackElo "1120"]
[Annotator "NA RC"]
[PlyCount "110"]
[EventDate "2022.08.12"]
[EventType "team-tourn"]
[EventRounds "7"]
[EventCountry "GER"]
[SourceTitle "playchess.com"]
[Source "ChessBase"]
[SourceQuality "1"]
[TimeControl "40/5400+30:1800+30"]

1. e4 Nf6 2. Nc3 g6 3. d4 d5 4. e5 Ne4 5. Qf3 Nxc3 6. Qxc3 e6 7. Nf3 a5 8. Bg5 Be7 9. Bh6 Bb4 10. Qxb4 axb4 11. c4 b6 12. Bg7 Rg8 13. Bf6 Qd7 14. Bd3 h6 15. O-O dxc4 16. Bxc4 Ba6 17. Rfc1 g5 18. Bb3 Nc6 19. Ba4 Bb7 20. Bc2 Kf8 21. Bh7 Rg7 22. Bxg7+ Kxg7 23. Be4 Nxd4 24. Bxb7 Ne2+ 25. Kf1 Nxc1 26. Rxc1 Rxa2 27. Bc6 Qd3+ 28. Kg1 Rxb2 29. h3 Rb1 30. Rxb1 Qxb1+ 31. Kh2 Qc2 32. Bb5 Qxf2 33. Ba4 Qa2 34. Bd1 b3 35. Bxb3 Qxb3 36. Nd4 Qc4 37. Nf3 b5 38. Kg3 b4 39. Kf2 b3 40. Nd2 Qd4+ 41. Ke2 b2 42. g3 Qxe5+ 43. Kd1 c5 44. Kc2 Qe2 45. Kc3 c4 46. g4 Qxd2+ 47. Kxd2 b1=Q 48. Kc3 Qd3+ 49. Kb4 c3 50. Kb3 c2+ 51. Kb2 Qd2 52. Kb3 c1=R 53. Ka4 Rb1 54. Ka3 Qb2+ 55. Ka4 Qb4# 0-1

[Event "DVM U12W 2021"]
[Site "Willingen"]
[Date "2022.08.15"]
[Round "5"]
[White "Belkina, Elisabeth"]
[Black "Christiansen, Jana-Marie"]
[Result "0-1"]
[ECO "D06"]
[WhiteElo "1126"]
[BlackElo "1120"]
[Annotator "NA RC"]
[PlyCount "96"]
[EventDate "2022.08.12"]
[EventType "team-tourn"]
[EventRounds "7"]
[EventCountry "GER"]
[SourceTitle "playchess.com"]
[Source "ChessBase"]
[SourceQuality "1"]
[TimeControl "40/5400+30:1800+30"]

1. d4 d5 2. Nf3 Nf6 3. Bf4 Bf5 4. e3 e6 5. a3 Nc6 6. c4 Be7 7. Be2 O-O 8. O-O a6 9. Nc3 Ne4 10. Nxe4 dxe4 11. Ne5 Nxe5 12. Bxe5 c6 13. c5 Bh4 14. Bg3 Bg5 15. b4 a5 16. f4 exf3 17. Bxf3 Bxe3+ 18. Bf2 Bg5 19. Re1 axb4 20. axb4 Qd7 21. Be4 Bf6 22. Bxf5 exf5 23. Rxa8 Rxa8 24. Qe2 Rd8 25. Kf1 g6 26. Rd1 Qe8 27. Qxe8+ Rxe8 28. d5 Rd8 29. d6 Kf8 30. Re1 Bc3 31. Rb1 Ke8 32. b5 Ra8 33. bxc6 bxc6 34. Rd1 Ra1 35. d7+ Kd8 36. Bh4+ f6 37. Rxa1 Bxa1 38. Ke2 Kxd7 39. Kd3 Ke6 40. Kc4 g5 41. Be1 h5 42. Bf2 Be5 43. h4 f4 44. Kb4 Kd5 45. Ka5 gxh4 46. Kb6 h3 47. gxh3 f3 48. h4 Bd4 0-1

[Event "DVM U12W 2021"]
[Site "Willingen"]
[Date "2022.08.15"]
[Round "5"]
[White "Glotz, Diana"]
[Black "Hefele, Stefanie"]
[Result "1-0"]
[ECO "C50"]
[WhiteElo "1116"]
[BlackElo "1180"]
[Annotator "NA RC"]
[PlyCount "117"]
[EventDate "2022.08.12"]
[EventType "team-tourn"]
[EventRounds "7"]
[EventCountry "GER"]
[SourceTitle "playchess.com"]
[Source "ChessBase"]
[SourceQuality "1"]
[TimeControl "40/5400+30:1800+30"]

1. e4 e5 2. Nf3 Nc6 3. Bc4 Bc5 4. Nc3 Nf6 5. d3 d6 6. h3 Be6 7. Bb3 Qe7 8. Bg5 h6 9. Be3 Nd4 10. Nd5 Bxd5 11. Bxd5 c6 12. Bb3 O-O 13. c3 Nxb3 14. axb3 Bxe3 15. fxe3 d5 16. exd5 cxd5 17. Nd2 e4 18. d4 Qc7 19. O-O Qg3 20. Qe1 Nh5 21. Qxg3 Nxg3 22. Rf2 Rfe8 23. Ra5 Red8 24. Kh2 Nh5 25. c4 Nf6 26. Rf5 dxc4 27. bxc4 Re8 28. Rfe5 Rxe5 29. Rxe5 Rc8 30. c5 b6 31. cxb6 axb6 32. Nxe4 Nxe4 33. Rxe4 Kf8 34. d5 Re8 35. Rxe8+ Kxe8 36. Kg3 Kd7 37. Kf4 Kd6 38. e4 g6 39. g4 f6 40. h4 b5 41. g5 hxg5+ 42. hxg5 fxg5+ 43. Kxg5 Ke5 44. Kxg6 Kd6 45. Kf6 Kd7 46. e5 b4 47. e6+ Kd8 48. Kf7 b3 49. e7+ Kc7 50. e8=Q Kd6 51. Qe6+ Kc5 52. d6 Kb4 53. Qc8 Kb5 54. Ke6 Kb6 55. Qc7+ Ka6 56. Qb8 Ka5 57. Kd5 Ka4 58. Kc5 Ka5 59. Qb5# 1-0

[Event "DVM U12W 2021"]
[Site "Willingen"]
[Date "2022.08.15"]
[Round "5"]
[White "Kopylov, Diana"]
[Black "Schuelke, Rosalie"]
[Result "0-1"]
[ECO "E35"]
[WhiteElo "1108"]
[BlackElo "1297"]
[Annotator "NA RC"]
[PlyCount "62"]
[EventDate "2022.08.12"]
[EventType "team-tourn"]
[EventRounds "7"]
[EventCountry "GER"]
[SourceTitle "playchess.com"]
[Source "ChessBase"]
[SourceQuality "1"]
[TimeControl "40/5400+30:1800+30"]

1. d4 Nf6 2. c4 e6 3. Nc3 Bb4 4. Qc2 O-O 5. Bg5 h6 6. Bh4 d5 7. cxd5 exd5 8. e3 b6 9. a3 Bxc3+ 10. Qxc3 Bb7 11. Nf3 Nbd7 12. Bd3 c5 13. O-O Rc8 14. Rac1 Qc7 15. Rc2 Ne4 16. Bxe4 dxe4 17. Bg3 Qd8 18. Ne5 cxd4 19. Qb3 Nc5 20. Qb4 d3 21. Rcc1 a5 22. Qc3 Bd5 23. Nc4 Ne6 24. b3 b5 25. Qxa5 bxc4 26. Qxd8 Rfxd8 27. bxc4 Bxc4 28. Rfd1 Bb3 29. Rxc8 Rxc8 30. Ra1 d2 31. h3 Rc1+ 0-1

[Event "DVM U12W 2021"]
[Site "Willingen"]
[Date "2022.08.15"]
[Round "5"]
[White "Berger, Jennifer"]
[Black "Borck, Elena"]
[Result "0-1"]
[ECO "B00"]
[WhiteElo "1050"]
[BlackElo "739"]
[Annotator "NA RC"]
[PlyCount "86"]
[EventDate "2022.08.12"]
[EventType "team-tourn"]
[EventRounds "7"]
[EventCountry "GER"]
[SourceTitle "playchess.com"]
[Source "ChessBase"]
[SourceQuality "1"]
[TimeControl "40/5400+30:1800+30"]

1. e4 d6 2. d4 Nc6 3. Nc3 Nf6 4. Be3 e5 5. dxe5 dxe5 6. Qxd8+ Nxd8 7. Nf3 Bd6 8. O-O-O Bg4 9. h3 Bxf3 10. gxf3 Nc6 11. Bb5 O-O 12. Rdg1 Kh8 13. Bh6 gxh6 14. Bc4 Nd4 15. Rg3 Nh5 16. Rg4 Nxf3 17. h4 Rg8 18. Rxg8+ Rxg8 19. Bxf7 Rg1+ 20. Rxg1 Nxg1 21. Nd5 Nf4 22. Ne3 Kg7 23. Bb3 Nge2+ 24. Kd1 Nd4 25. Bc4 a6 26. c3 b5 27. cxd4 bxc4 28. dxe5 Bxe5 29. Nxc4 Bf6 30. e5 Bxh4 31. Kd2 Bxf2 32. a4 h5 33. Ne3 h4 34. Nf5+ Kg6 35. e6 Nxe6 36. Ke2 Kxf5 37. Kxf2 Nf4 38. Kf3 h3 39. Kg3 h5 40. Kh4 h2 41. b4 h1=Q+ 42. Kg3 Qg2+ 43. Kh4 Qg4# 0-1

[Event "DVM U12W 2021"]
[Site "Willingen"]
[Date "2022.08.15"]
[Round "5"]
[White "Fruth, Julia"]
[Black "Henzel, Leonie"]
[Result "1/2-1/2"]
[ECO "C01"]
[WhiteElo "1037"]
[BlackElo "1134"]
[Annotator "NA RC"]
[PlyCount "114"]
[EventDate "2022.08.12"]
[EventType "team-tourn"]
[EventRounds "7"]
[EventCountry "GER"]
[SourceTitle "playchess.com"]
[Source "ChessBase"]
[SourceQuality "1"]
[TimeControl "40/5400+30:1800+30"]

1. e4 e6 2. d4 d5 3. Bd3 dxe4 4. Bxe4 Nf6 5. Bf3 Bd6 6. Ne2 O-O 7. O-O c6 8. Bf4 Nd5 9. Qd2 Nxf4 10. Nxf4 Qc7 11. g3 Nd7 12. Ne2 Nf6 13. c4 b6 14. b3 Rb8 15. Nbc3 Bb7 16. Rfd1 Rfd8 17. Qd3 Ba6 18. Rac1 Be7 19. Qe3 Bb7 20. d5 cxd5 21. cxd5 exd5 22. Nxd5 Nxd5 23. Bxd5 Bc5 24. Qf3 Bxd5 25. Rxd5 Rxd5 26. Qxd5 Qe7 27. Nf4 Rd8 28. Qf3 g6 29. Nd5 Qe5 30. Nf6+ Kg7 31. Ng4 Qe6 32. Kf1 h5 33. Ne3 Qh3+ 34. Kg1 Qe6 35. Re1 Rd2 36. Re2 Rxe2 37. Qxe2 Bxe3 38. Qxe3 Qxe3 39. fxe3 Kf6 40. Kf2 Ke5 41. Ke1 Ke4 42. Ke2 f5 43. h3 g5 44. a3 b5 45. b4 a6 46. Kf2 Kd3 47. Kf3 Kc3 48. e4 fxe4+ 49. Kxe4 h4 50. g4 Kb3 51. Kf5 Kxa3 52. Kxg5 Kxb4 53. Kxh4 Kc3 54. g5 b4 55. g6 b3 56. g7 b2 57. g8=Q b1=Q 1/2-1/2

[Event "DVM U12W 2021"]
[Site "Willingen"]
[Date "2022.08.15"]
[Round "5"]
[White "Achilles, Rosa"]
[Black "Sayouf, Rafif"]
[Result "1-0"]
[ECO "D02"]
[WhiteElo "1026"]
[BlackElo "1102"]
[Annotator "NA RC"]
[PlyCount "88"]
[EventDate "2022.08.12"]
[EventType "team-tourn"]
[EventRounds "7"]
[EventCountry "GER"]
[SourceTitle "playchess.com"]
[Source "ChessBase"]
[SourceQuality "1"]
[TimeControl "40/5400+30:1800+30"]

1. d4 d5 2. Nf3 Nf6 3. g3 Bf5 4. Bg2 Nc6 5. a3 e6 6. O-O h6 7. c4 dxc4 8. Be3 Bd6 9. Qa4 O-O 10. Qxc4 Be4 11. Nc3 b6 12. Nxe4 Na5 13. Nxf6+ Qxf6 14. Qc2 Rac8 15. Nd2 c5 16. Ne4 Qe7 17. Nxd6 Qxd6 18. dxc5 bxc5 19. Qc3 Qb6 20. b4 Nb7 21. Bxb7 Qxb7 22. bxc5 Qb5 23. Rfe1 Rfe8 24. Qb4 Qc6 25. Red1 Qc7 26. Rac1 Qe7 27. c6 Qf6 28. c7 e5 29. Bxa7 Qa6 30. Be3 Qxe2 31. Re1 Qf3 32. h3 Re6 33. Red1 Ree8 34. Qg4 Qf6 35. Qc4 Qf3 36. Rd7 Qf6 37. Rcd1 e4 38. Bd4 Qf3 39. Ba1 e3 40. Rf1 e2 41. Re1 Qf5 42. Qc3 f6 43. Qc4+ Kh8 44. Qd4 Qa5 1-0

[Event "DVM U12W 2021"]
[Site "Willingen"]
[Date "2022.08.15"]
[Round "5"]
[White "Striebeck, Liv"]
[Black "Prokscha, Charlotte"]
[Result "1/2-1/2"]
[ECO "B22"]
[WhiteElo "1003"]
[BlackElo "1241"]
[Annotator "NA RC"]
[PlyCount "117"]
[EventDate "2022.08.12"]
[EventType "team-tourn"]
[EventRounds "7"]
[EventCountry "GER"]
[SourceTitle "playchess.com"]
[Source "ChessBase"]
[SourceQuality "1"]
[TimeControl "40/5400+30:1800+30"]

1. e4 c5 2. d4 cxd4 3. c3 e6 4. cxd4 Nf6 5. Nc3 Bb4 6. Bd3 Nc6 7. Nf3 d5 8. e5 Nd7 9. O-O O-O 10. a3 Be7 11. Be3 a6 12. g3 b5 13. b4 Bb7 14. Qc1 Rc8 15. Rd1 Nb6 16. Qd2 Nc4 17. Bxc4 bxc4 18. Rdb1 Rb8 19. Kf1 f6 20. h4 fxe5 21. Nxe5 Nxe5 22. dxe5 Qc7 23. Bf4 Bc6 24. f3 Rf7 25. Kg2 Rbf8 26. Rh1 Qd8 27. Ne2 Qd7 28. Nd4 Bb5 29. Nxb5 axb5 30. Raf1 Qa7 31. Qc1 d4 32. Bg5 Qa8 33. Bxe7 Rxe7 34. g4 Qd5 35. Rh3 Qxe5 36. Qe1 Qxe1 37. Rxe1 d3 38. Rhh1 Ra8 39. Ra1 e5 40. Kf2 Rf8 41. Ke3 Rfe8 42. a4 bxa4 43. Rxa4 e4 44. f4 c3 45. b5 Rd8 46. Rd4 Rxd4 47. Kxd4 c2 48. Kc3 Kf8 49. Kd2 Ke8 50. Ra1 Kd7 51. Ra7+ Kd8 52. b6 Re6 53. Ra8+ Kd7 54. b7 Rc6 55. Rd8+ Kxd8 56. b8=Q+ Kd7 57. Qb7+ Kd6 58. Qb4+ Kd5 59. Qb3+ 1/2-1/2

[Event "DVM U12W 2021"]
[Site "Willingen"]
[Date "2022.08.15"]
[Round "5"]
[White "Shynkar, Darya"]
[Black "Mo, Keyou"]
[Result "1-0"]
[ECO "D55"]
[WhiteElo "1001"]
[BlackElo "1264"]
[Annotator "NA RC"]
[PlyCount "87"]
[EventDate "2022.08.12"]
[EventType "team-tourn"]
[EventRounds "7"]
[EventCountry "GER"]
[SourceTitle "playchess.com"]
[Source "ChessBase"]
[SourceQuality "1"]
[TimeControl "40/5400+30:1800+30"]

1. d4 d5 2. c4 e6 3. Nc3 Nf6 4. cxd5 exd5 5. Bg5 Be7 6. e3 O-O 7. Qc2 h6 8. Bh4 b6 9. Bd3 Bb7 10. Nf3 Nbd7 11. O-O Re8 12. Rac1 a6 13. Bg3 c5 14. b3 Rc8 15. Qb2 Nb8 16. Bf5 Nfd7 17. Ne5 Nxe5 18. Bxe5 Rc6 19. Bxb8 Qxb8 20. Bd7 Rec8 21. Bxc6 Rxc6 22. Nxd5 Rg6 23. Nxe7+ Kh7 24. Nxg6 fxg6 25. dxc5 bxc5 26. Rxc5 Qd6 27. Rfc1 Kg8 28. Rc7 Kf8 29. Qxg7+ Ke8 30. Qg8+ Qf8 31. Rc8+ Bxc8 32. Rxc8+ Kd7 33. Qxf8 Ke6 34. Re8+ Kd5 35. Qf7+ Kd6 36. Re6+ Kc5 37. Qc7+ Kd5 38. Rd6+ Ke4 39. Qe7+ Kf5 40. Rf6+ Kg4 41. f3+ Kh5 42. Qe5+ g5 43. g4+ Kh4 44. Rxh6# 1-0

[Event "DVM U12W 2021"]
[Site "Willingen"]
[Date "2022.08.15"]
[Round "5"]
[White "Marrufo, Emilia"]
[Black "Xiao, Karoline"]
[Result "0-1"]
[ECO "D02"]
[WhiteElo "970"]
[BlackElo "965"]
[Annotator "NA RC"]
[PlyCount "124"]
[EventDate "2022.08.12"]
[EventType "team-tourn"]
[EventRounds "7"]
[EventCountry "GER"]
[SourceTitle "playchess.com"]
[Source "ChessBase"]
[SourceQuality "1"]
[TimeControl "40/5400+30:1800+30"]

1. d4 c6 2. Bf4 d5 3. e3 Bf5 4. c3 Nf6 5. Nf3 e6 6. Nbd2 Nbd7 7. Ne5 Bd6 8. Be2 O-O 9. O-O Qc7 10. Ndf3 Ne4 11. g3 f6 12. Nxd7 Qxd7 13. Bxd6 Qxd6 14. Bd3 Bg4 15. Be2 Rae8 16. Nd2 Bf5 17. Bf3 e5 18. Qc2 Bh3 19. Rfe1 Nxd2 20. Qxd2 e4 21. Bg2 Bxg2 22. Kxg2 f5 23. Re2 Rf6 24. Rae1 Rh6 25. b3 Rh5 26. c4 Qh6 27. h4 g5 28. Rh1 gxh4 29. Rxh4 Rxh4 30. gxh4 Qg6+ 31. Kf1 Re7 32. Re1 Rg7 33. Qd1 Qg2+ 34. Ke2 Kh8 35. Rg1 Qxg1 36. Qxg1 Rxg1 37. cxd5 cxd5 38. f4 Rg2+ 39. Kf1 Rxa2 40. Ke1 a5 41. Kd1 a4 42. bxa4 Rxa4 43. Kc1 Ra2 44. Kb1 Rh2 45. Kc1 b5 46. Kb1 b4 47. Kc1 b3 48. Kb1 b2 49. h5 Rxh5 50. Kxb2 Rh2+ 51. Kc1 Rf2 52. Kd1 Rf3 53. Kd2 h5 54. Ke2 h4 55. Kd2 h3 56. Ke2 h2 57. Kd2 h1=Q 58. Kc3 Qd1 59. Kb4 Qc1 60. Kb5 Rf2 61. Kb6 Rb2+ 62. Ka5 Qa1# 0-1

[Event "DVM U12W 2021"]
[Site "Willingen"]
[Date "2022.08.15"]
[Round "5"]
[White "Engeln, Helene"]
[Black "Peglau, Lorena"]
[Result "0-1"]
[ECO "C01"]
[WhiteElo "956"]
[BlackElo "1207"]
[Annotator "NA RC"]
[PlyCount "122"]
[EventDate "2022.08.12"]
[EventType "team-tourn"]
[EventRounds "7"]
[EventCountry "GER"]
[SourceTitle "playchess.com"]
[Source "ChessBase"]
[SourceQuality "1"]
[TimeControl "40/5400+30:1800+30"]

1. e4 e6 2. Nf3 d5 3. exd5 exd5 4. d4 Nf6 5. Nc3 Bf5 6. Bd3 Bg6 7. Bg5 Nbd7 8. O-O Nb6 9. Ne5 Bxd3 10. Re1 Be7 11. Qxd3 O-O 12. Qg3 c6 13. Bh6 Nh5 14. Qg4 Bf6 15. Qxh5 gxh6 16. Qxh6 Bg7 17. Qh5 Qf6 18. a4 a5 19. Re3 Qh6 20. Qf5 Qf6 21. Rf3 Qxf5 22. Rxf5 Rae8 23. Re1 Re7 24. Re3 Rfe8 25. Rg3 Kh8 26. Rxf7 Bxe5 27. Rxe7 Rxe7 28. dxe5 Rxe5 29. f4 Rf5 30. Ne2 Nxa4 31. b3 Nb2 32. Re3 b5 33. Re5 Rxe5 34. fxe5 Kg8 35. Nd4 Kf7 36. Nxc6 a4 37. Nd8+ Ke7 38. Nc6+ Ke6 39. h4 a3 40. Nb4 Kxe5 41. g4 d4 42. h5 Kf4 43. Kf1 Kxg4 44. Ke2 Kxh5 45. Kd2 Kg4 46. Kc1 h5 47. Nd5 h4 48. Nf6+ Kg3 49. Ne4+ Kg4 50. Kb1 h3 51. Nf2+ Kg3 52. Nxh3 Kxh3 53. Ka2 b4 54. c4 dxc3 55. Kb1 Kg3 56. Ka2 c2 57. Ka1 c1=Q+ 58. Ka2 Qd2 59. Ka1 Qc2 60. Ka2 Nd3+ 61. Ka1 Qb2# 0-1

[Event "DVM U12W 2021"]
[Site "Willingen"]
[Date "2022.08.15"]
[Round "5"]
[White "Hovhannisyan, Sofia"]
[Black "Guliyeva, Zahra"]
[Result "0-1"]
[ECO "C47"]
[WhiteElo "935"]
[BlackElo "834"]
[Annotator "NA RC"]
[PlyCount "116"]
[EventDate "2022.08.12"]
[EventType "team-tourn"]
[EventRounds "7"]
[EventCountry "GER"]
[SourceTitle "playchess.com"]
[Source "ChessBase"]
[SourceQuality "1"]
[TimeControl "40/5400+30:1800+30"]

1. e4 e5 2. Nf3 Nc6 3. d4 d6 4. Nc3 Nf6 5. Bg5 Be7 6. Bb5 Bg4 7. d5 a6 8. dxc6 axb5 9. cxb7 Rb8 10. Nxb5 Rxb7 11. Bxf6 Rxb5 12. Bxg7 Rg8 13. Qd3 Rxb2 14. Bh6 Qa8 15. a4 Bh5 16. Bc1 Rb4 17. Be3 Rxg2 18. Rg1 Bxf3 19. Rxg2 Bxg2 20. Ke2 Bxe4 21. Qc3 Bf3+ 22. Ke1 Qa6 23. Qd2 Rg4 24. Qd3 Rg1+ 25. Kd2 Qa5+ 26. Qc3 Qd5+ 27. Qd3 Qa5+ 28. Qc3 Qa6 29. Rxg1 Qe2+ 30. Kc1 Bh4 31. Re1 Qa6 32. Qxc7 Qxa4 33. Rg1 Qa1+ 34. Kd2 Qxg1 35. Qb8+ Bd8 36. Bb6 Qd1+ 37. Kc3 Qe1+ 38. Kd3 Qe4+ 39. Kc3 Qc6+ 40. Kd3 Qe4+ 41. Kc3 Qc6+ 42. Kd3 Qxb6 43. Qxb6 Bxb6 44. Kc4 Bxf2 45. Kb5 Be4 46. c3 Bf5 47. Kc6 e4 48. Kxd6 e3 49. c4 e2 50. c5 e1=Q 51. Kc6 Qe6+ 52. Kb5 Qe3 53. Ka4 Qe4+ 54. Ka5 Qa8+ 55. Kb5 Bd7+ 56. Kb6 Qc6+ 57. Ka7 Bxc5+ 58. Kb8 Qc8# 0-1

[Event "DVM U12W 2021"]
[Site "Willingen"]
[Date "2022.08.15"]
[Round "5"]
[White "Daaboul, Dima"]
[Black "Mauhs, Helena"]
[Result "1/2-1/2"]
[ECO "C57"]
[WhiteElo "882"]
[BlackElo "857"]
[Annotator "NA RC"]
[PlyCount "144"]
[EventDate "2022.08.12"]
[EventType "team-tourn"]
[EventRounds "7"]
[EventCountry "GER"]
[SourceTitle "playchess.com"]
[Source "ChessBase"]
[SourceQuality "1"]
[TimeControl "40/5400+30:1800+30"]

1. e4 e5 2. Nf3 Nc6 3. d4 exd4 4. Bc4 Nf6 5. Ng5 d5 6. exd5 Nxd5 7. Qf3 Be6 8. O-O Ne5 9. Bxd5 Nxf3+ 10. Nxf3 Qxd5 11. Rd1 Qf5 12. Rxd4 Bc5 13. Rf4 Qxc2 14. Nbd2 Qd1+ 15. Nf1 Qe2 16. Ng5 O-O-O 17. Ne4 Bc4 18. Neg3 Rd1 19. Nxe2 Bxe2 20. g3 Rxf1+ 21. Kg2 Rd8 22. Rxf7 Rd3 23. Rf5 Bd4 24. Rf8+ Kd7 25. Rf7+ Ke6 26. Rf4 Be5 27. Re4 Re1 28. Rxe5+ Kxe5 29. Bf4+ Kf5 30. Rxe1 Bf3+ 31. Kf1 Kg4 32. Bxc7 Kh3 33. Re3 Rd1+ 34. Re1 Rxe1+ 35. Kxe1 Kxh2 36. Kd2 Kg2 37. Ke3 g5 38. Bd8 h6 39. Be7 Bd5 40. a3 a6 41. b4 b5 42. f4 gxf4+ 43. gxf4 Be6 44. Ke4 h5 45. f5 Bf7 46. Ke5 Kg3 47. Kd6 h4 48. Bxh4+ Kxh4 49. f6 Kg5 50. Ke7 Bg8 51. f7 Bxf7 52. Kxf7 Kf5 53. Ke7 Ke5 54. Kd7 Kd5 55. Kc7 Kd4 56. Kb6 Kc4 57. Kxa6 Kd5 58. Kxb5 Kd6 59. a4 Kc7 60. a5 Kb7 61. Kc5 Ka6 62. b5+ Kb7 63. a6+ Ka7 64. b6+ Kb8 65. b7 Kc7 66. Kb5 Kb8 67. Kc6 Ka7 68. b8=Q+ Kxb8 69. Kb5 Ka8 70. Kb6 Kb8 71. a7+ Ka8 72. Ka5 Kxa7 1/2-1/2

[Event "DVM U12W 2021"]
[Site "Willingen"]
[Date "2022.08.15"]
[Round "5"]
[White "Reetz, Shaila"]
[Black "Marrufo, Adriana"]
[Result "0-1"]
[ECO "C47"]
[WhiteElo "837"]
[BlackElo "942"]
[Annotator "NA RC"]
[PlyCount "60"]
[EventDate "2022.08.12"]
[EventType "team-tourn"]
[EventRounds "7"]
[EventCountry "GER"]
[SourceTitle "playchess.com"]
[Source "ChessBase"]
[SourceQuality "1"]
[TimeControl "40/5400+30:1800+30"]

1. e4 e5 2. Nf3 Nc6 3. Nc3 Nf6 4. a3 Bc5 5. Nxe5 Bxf2+ 6. Kxf2 Nxe5 7. Kg1 d6 8. Nd5 Nxd5 9. exd5 O-O 10. Qe1 Re8 11. Qg3 c6 12. Bc4 cxd5 13. b3 dxc4 14. bxc4 Re6 15. Bb2 Qb6+ 16. d4 Qxb2 17. Rd1 Nxc4 18. Qh4 Bd7 19. h3 Rg6 20. Qf2 Rc8 21. Rf1 Be6 22. Qe2 Nxa3 23. Qe4 Rxc2 24. Rh2 h6 25. Kh1 Rc1 26. Kg1 Rf6 27. Rh1 Rfxf1+ 28. Kh2 Rxh1+ 29. Kg3 Rcf1 30. d5 Qf2# 0-1

[Event "DVM U12W 2021"]
[Site "Willingen"]
[Date "2022.08.15"]
[Round "5"]
[White "Marrufo, Leandra"]
[Black "Bykov, Sophia"]
[Result "0-1"]
[ECO "C41"]
[WhiteElo "701"]
[BlackElo "896"]
[Annotator "NA RC"]
[PlyCount "50"]
[EventDate "2022.08.12"]
[EventType "team-tourn"]
[EventRounds "7"]
[EventCountry "GER"]
[SourceTitle "playchess.com"]
[Source "ChessBase"]
[SourceQuality "1"]
[TimeControl "40/5400+30:1800+30"]

1. e4 e5 2. Nf3 Nc6 3. d4 d6 4. d5 Nb4 5. Nc3 Nf6 6. Bg5 h6 7. Bh4 g5 8. Bg3 h5 9. h3 g4 10. Nd2 Bh6 11. Be2 Bd7 12. f3 Ng8 13. hxg4 hxg4 14. Bc4 f5 15. a3 f4 16. Bf2 g3 17. Bg1 Na6 18. Qe2 c6 19. O-O-O b5 20. Ba2 b4 21. axb4 Bc8 22. Bc4 Nxb4 23. Nb3 a5 24. Kb1 a4 25. Na1 Bf8 0-1

[Event "DVM U12W 2021"]
[Site "Willingen"]
[Date "2022.08.15"]
[Round "6"]
[White "Müller, Cosima"]
[Black "Ramakrishnan, Veda"]
[Result "1-0"]
[ECO "B13"]
[WhiteElo "1355"]
[BlackElo "1333"]
[Annotator "NA RC"]
[PlyCount "135"]
[EventDate "2022.08.12"]
[EventType "team-tourn"]
[EventRounds "7"]
[EventCountry "GER"]
[SourceTitle "playchess.com"]
[Source "ChessBase"]
[SourceQuality "1"]
[TimeControl "40/5400+30:1800+30"]

1. e4 c6 2. d4 d5 3. exd5 cxd5 4. Bd3 Nf6 5. c3 Nc6 6. Bf4 Bg4 7. Qb3 Qb6 8. Qxb6 axb6 9. Nd2 e6 10. Ngf3 Be7 11. O-O O-O 12. a3 Nh5 13. Bc7 Bd8 14. Bxd8 Rfxd8 15. Bb5 Ra5 16. a4 Rda8 17. Bxc6 bxc6 18. Ne5 Bf5 19. g4 Bxg4 20. Nxg4 Rxa4 21. Rxa4 Rxa4 22. Ne5 c5 23. Ndf3 c4 24. Nc6 Nf4 25. Nb4 f6 26. Re1 b5 27. Nd2 Kf7 28. h4 Ng6 29. Nf3 Ra8 30. Kh2 Re8 31. Na6 Rc8 32. Nc5 Rc6 33. Kg3 Nf8 34. Ra1 Rb6 35. Ra7+ Ke8 36. Ra8+ Kf7 37. Rxf8+ Kxf8 38. Nd7+ Ke7 39. Nxb6 Kd8 40. Nd2 Kc7 41. Nxd5+ exd5 42. Kf4 g6 43. Nb1 Kb6 44. Na3 Ka5 45. Nc2 Ka4 46. Nb4 Kb3 47. Nxd5 Kxb2 48. Ke3 h5 49. f4 g5 50. fxg5 fxg5 51. hxg5 h4 52. g6 h3 53. Kf2 Kb3 54. g7 h2 55. Kg2 h1=B+ 56. Kxh1 b4 57. cxb4 c3 58. Nxc3 Kxc3 59. g8=Q Kxb4 60. Qc8 Kb3 61. Kg2 Kb4 62. Kf3 Kb5 63. Qc5+ Ka4 64. Qb6 Ka3 65. Ke3 Ka4 66. Kd3 Ka3 67. Kc3 Ka4 68. Qb4# 1-0

[Event "DVM U12W 2021"]
[Site "Willingen"]
[Date "2022.08.15"]
[Round "6"]
[White "Mo, Keyou"]
[Black "Fomenkova, Elina"]
[Result "1-0"]
[ECO "B00"]
[WhiteElo "1264"]
[BlackElo "1049"]
[Annotator "NA RC"]
[PlyCount "69"]
[EventDate "2022.08.12"]
[EventType "team-tourn"]
[EventRounds "7"]
[EventCountry "GER"]
[SourceTitle "playchess.com"]
[Source "ChessBase"]
[SourceQuality "1"]
[TimeControl "40/5400+30:1800+30"]

1. e4 Nc6 2. Nf3 d6 3. d4 Bg4 4. h3 Bh5 5. Be2 Bxf3 6. Bxf3 e5 7. d5 Nd4 8. Be3 Nxf3+ 9. Qxf3 Qf6 10. Qe2 O-O-O 11. Nc3 a6 12. O-O-O Ne7 13. Rhf1 c6 14. f4 exf4 15. Rxf4 Qg6 16. dxc6 Nxc6 17. Rdf1 Rd7 18. Nd5 Kb8 19. Bd2 Be7 20. Rxf7 Rf8 21. Rxf8+ Bxf8 22. Rxf8+ Ka7 23. Be3+ b6 24. Bxb6+ Kb7 25. Qe3 Qxg2 26. Ba5 Qh1+ 27. Be1 Nd4 28. Kd1 Rc7 29. Nxc7 Kxc7 30. Qxd4 Qxh3 31. Ba5+ Kd7 32. Rd8+ Ke6 33. Qxd6+ Kf7 34. Rd7+ Kg8 35. Qb8# 1-0

[Event "DVM U12W 2021"]
[Site "Willingen"]
[Date "2022.08.15"]
[Round "6"]
[White "Leicher, Anna"]
[Black "Glotz, Diana"]
[Result "1/2-1/2"]
[ECO "C45"]
[WhiteElo "1252"]
[BlackElo "1116"]
[Annotator "NA RC"]
[PlyCount "63"]
[EventDate "2022.08.12"]
[EventType "team-tourn"]
[EventRounds "7"]
[EventCountry "GER"]
[SourceTitle "playchess.com"]
[Source "ChessBase"]
[SourceQuality "1"]
[TimeControl "40/5400+30:1800+30"]

1. e4 e5 2. Nf3 Nc6 3. d4 exd4 4. Nxd4 Bc5 5. Nxc6 Qf6 6. Qf3 Qxf3 7. gxf3 dxc6 8. Bf4 Bb6 9. Nd2 Be6 10. Bg3 O-O-O 11. O-O-O Nf6 12. Bc4 Bxc4 13. Nxc4 Rhe8 14. Bh4 h6 15. e5 g5 16. Nxb6+ cxb6 17. Bxg5 hxg5 18. exf6 Re6 19. Rxd8+ Kxd8 20. Rg1 Rxf6 21. Rg3 Rf5 22. Kd2 f6 23. Rh3 a6 24. Ke2 Rb5 25. b3 Ra5 26. a4 b5 27. Rh8+ Kc7 28. Rf8 bxa4 29. bxa4 Rxa4 30. Rxf6 Rh4 31. Rf5 Rxh2 32. Rxg5 1/2-1/2